 Dungeon Crawl Stone Soup version 0.27-a0-1136-g0b992a5a9d (webtiles) character file.

Game seed: 4930711290553721538

651 Lanoc the Slasher (level 7, 0/44 HPs)
             Began as a Tengu Delver on May 4, 2021.
             Was a Follower of Zin.
             Succumbed to a scorpion's poison
             ... on level 5 of the Dungeon.
             The game lasted 00:06:45 (5007 turns).

Lanoc the Slasher (Tengu Delver)                    Turns: 5007, Time: 00:06:45

Health: 0/44       AC:  6    Str:  9 (12) XL:     7   Next: 53%
Magic:  9/9        EV: 16    Int: 16 (17) God:    Zin [*.....]
Gold:   121        SH:  0    Dex: 17      Spells: 6/6 levels left

rFire    . . .     SeeInvis .   a - +0 falchion
rCold    . . .     Faith    .   (no shield)
rNeg     . . .     Spirit   .   e - +3 leather armour
rPois    .         Reflect  .   (helmet restricted)
rElec    .         Harm     .   (no cloak)
rCorr    .         Rampage  .   (no gloves)
Will     .....     Clarity  +   (boots unavailable)
Stlth    +++.......             (no amulet)
HPRegen  0.14/turn              h - +6 ring of intelligence
MPRegen  0.11/turn              (no ring)

@: lethally poisoned (0 -> -11), flying quickly and evasively, quick
A: beak, talons 3, nimble flight, clarity, subdued magic 1, MP-powered wands
a: Renounce Religion, Recite, Donate Gold


You were on level 5 of the Dungeon.
You worshipped Zin.
Zin was aware of your devotion.
You visited 2 branches of the dungeon, and saw 6 of its levels.

You collected 134 gold pieces.
You donated 13 gold pieces to Zin.

Inventory:

Hand Weapons
 a - a +0 falchion (weapon)
Armour
 e - a +3 leather armour (worn)
Jewellery
 h - a +6 ring of intelligence (left hand)
Wands
 g - a wand of digging (3)
 q - a wand of iceblast (5)
Scrolls
 c - a scroll of fog
 d - 2 scrolls of magic mapping
 i - 4 scrolls of identify {unknown}
 j - 3 scrolls of teleportation {unknown}
 k - 3 scrolls of blinking {unknown}
 m - a scroll of brand weapon {unknown}
 s - a scroll of noise {unknown}
 t - 2 scrolls of vulnerability {unknown}
Potions
 f - a potion of haste


   Skills:
 + Level 4.8 Fighting
 * Level 6.3 Long Blades
 + Level 4.6 Dodging
 - Level 5.0 Stealth
 * Level 1.7 Invocations


You had 6 spell levels left.
You didn't know any spells.
Your spell library contained the following spells:

 Spells                   Type           Power      Damage    Failure   Level
 Sandblast                Erth           0%         2d4       30%         1
 Passwall                 Tmut/Erth      0%         N/A       43%         2
 Stone Arrow              Conj/Erth      0%         3d7       67%         3
 Petrify                  Tmut/Erth      0%         N/A       97%         4
 Lee's Rapid Deconstruct  Erth           0%         3d5*      100%        5


Dungeon Overview and Level Annotations

Branches:
Dungeon (5/15)             Temple (1/1) D:4

Altars:
Ashenzari
Cheibriados
Dithmenos
Elyvilon
Fedhas
Gozag
Kikubaaqudgha
Makhleb
Nemelex Xobeh
Okawaru
Ru
Sif Muna
Vehumet
Wu Jian
Xom
Zin


Innate Abilities, Weirdness & Mutations

You have a beak for a mouth.
You have claws for feet.
Your magical nature lets you fly swiftly and evasively.
You possess an exceptional clarity of mind.
Your spells are a little easier to cast, but a little less powerful.
You expend magic power (3 MP) to strengthen your wands.


Message History

The scorpion stings you but does no damage. x2
You hit the scorpion but do no damage.
The scorpion is severely wounded.
You feel sick. The scorpion misses you.
You hit the scorpion but do no damage.
The scorpion is severely wounded.
You feel sick. The scorpion barely misses you.
You closely miss the scorpion. Your kick misses the scorpion.
The scorpion is severely wounded.
You feel sick.
You are no longer poisoned.
The scorpion barely misses you.
You hit the scorpion but do no damage.
The scorpion is severely wounded.
The scorpion misses you.
You riposte.
You hit the scorpion but do no damage.
You peck the scorpion, but do no damage.
The scorpion is severely wounded.
You barely miss the scorpion.
The scorpion is severely wounded.
The scorpion completely misses you. The scorpion stings you.
* * * LOW HITPOINT WARNING * * *
You are lethally poisoned!
The scorpion poisons you!
You hit the scorpion. Your peck misses the scorpion.
The scorpion is almost dead.
* * * LOW HITPOINT WARNING * * *
You feel very sick. The scorpion misses you.
You riposte.
You barely miss the scorpion.
The scorpion is almost dead.
You feel better. The scorpion stings you.
* * * LOW HITPOINT WARNING * * *
You are lethally poisoned!
The scorpion poisons you!
You barely miss the scorpion. You claw the scorpion.
You kill the scorpion!
* * * LOW HITPOINT WARNING * * *
You feel very sick.
You feel your dexterity returning.
There is a lethal amount of poison in your body!
You die...

.......##.###.###
#.####.#.## ##..#
# #.##.###.#.#
#.###.#.##.# #.
##.###.# ### #.#
#.# #.# #@# #.#
... #####


There were no monsters in sight!

Vanquished Creatures
  Grinder (D:3)
  A centaur (D:5)
  A scorpion (D:5)
  A water moccasin skeleton (D:4)
  A bullfrog zombie (D:5)
  An orc priest (D:4)
  A hound (D:5)
  A bullfrog skeleton (D:5)
  Terence (D:2)
  An orc wizard (D:4)
  3 adders
  A shadow imp (D:3)
  An ufetubus (D:5)
  4 worms
  3 dart slugs
  3 orcs (D:4)
  5 ball pythons
  7 bats
  7 endoplasms
  3 goblins
  6 hobgoblins
  6 jackals (D:2)
  5 kobolds
  A quokka (D:1)
  3 frilled lizards (D:1)
  7 rats
75 creatures vanquished.

Notes
Turn   | Place    | Note
-------+----------+-------------------------------------------
     0 | D:5      | Lanoc the Tengu Delver began the quest for the Orb.
     0 | D:5      | Reached XP level 1. HP: 14/14 MP: 2/2
   131 | D:3      | Reached XP level 2. HP: 11/19 MP: 3/3
   741 | D:2      | Reached skill level 3 in Long Blades
   755 | D:2      | Reached XP level 3. HP: 15/23 MP: 4/4
   891 | D:2      | Noticed Terence
  2155 | D:2      | Reached XP level 4. HP: 28/28 MP: 5/5
  2178 | D:2      | Killed Terence
  2512 | D:2      | Reached skill level 4 in Long Blades
  2718 | D:3      | Noticed Grinder
  2730 | D:3      | Killed Grinder
  2731 | D:3      | Reached skill level 5 in Long Blades
  2731 | D:3      | Gained mutation: Your magical nature lets you fly swiftly
                  | and evasively. [Tengu growth]
  2731 | D:3      | Reached XP level 5. HP: 26/33 MP: 6/6
  2731 | D:3      | Reached XP level 6. HP: 30/38 MP: 7/7
  2884 | D:3      | Found a faded altar of an unknown god.
  3530 | D:4      | Gained mutation: Your spells are a little easier to cast,
                  | but a little less powerful. [potion of mutation]
  3530 | D:4      | Gained mutation: You expend magic power (3 MP) to
                  | strengthen your wands. [potion of mutation]
  3530 | D:4      | Gained mutation: You possess an exceptional clarity of
                  | mind. [potion of mutation]
  3551 | D:4      | HP: 2/58 [orc priest/divine providence (8)]
  4193 | D:4      | Found a staircase to the Ecumenical Temple.
  4198 | Temple   | Entered the Ecumenical Temple
  4421 | Temple   | Became a worshipper of Zin the Law-Giver
  4421 | Temple   | Reached * piety under Zin
  4640 | D:5      | Reached XP level 7. HP: 37/44 MP: 8/8
  4809 | D:5      | Reached skill level 6 in Long Blades
  4809 | D:5      | Reached skill level 1 in Invocations
  5007 | D:5      | Succumbed to a scorpion's poison

Illustrated notes

Levels and vault maps discovered:
D:1:      dpeg_arrival_ratfight, layout_loops_ring
D:2:      layout_loops_ring, uniq_terence
D:3:      layout_loops_ring, hellmonk_ecumenical_altar_arch_garden, uniq_grinder
D:4:      layout_loops_cross, minmay_temple_entry_nine_rooms
D:5:      layout_loops_ring
Temple:   eino_temple_rhombus

Skill      XL: |  1  2  3  4  5  6  7 |
---------------+----------------------+-----
Long Blades    | 3 5 6 |  6.3
Dodging        | 3 4 |  4.6
Fighting       | 4 |  4.8
Invocations    | 1 |  1.7
Stealth        | |  5.0

Action                   |  1- 3 |  4- 6 |  7- 9 || total
-------------------------+-------+-------+-------++-------
Melee: Falchion          |    71 |   104 |    38 ||   213
       Kick              |    19 |    28 |    13 ||    60
       Peck              |     7 |    17 |    13 ||    37
Evoke: Wand              |       |     6 |       ||     6
  Use: Scroll            |     1 |       |       ||     1
       Potion            |       |     6 |     1 ||     7
 Stab: Sleeping          |    13 |    13 |       ||    26
       Distracted        |     1 |       |       ||     1
Armor: Leather armour    |    16 |    10 |    13 ||    39
       Skin              |       |    44 |       ||    44
Dodge: Dodged            |    31 |    47 |    43 ||   121
       Rpst.: Falchion   |    11 |    17 |    10 ||    38

Table legend: (Time is in decaauts)
 A = Elapsed time spent in this place.
 B = Non-inter-level travel time spent in this place.
 C = Inter-level travel time spent in this place.
 D = Time resting spent in this place.
 E = Time spent auto-exploring this place.
 F = Levels seen in this place.
 G = Mean time per level.
                   A        B        C        D        E       F      G
               +--------+--------+--------+--------+--------+-----+--------+
         Total |   4890 |   4789 |    101 |    285 |   3729 |   6 |  815.0 |
       Dungeon |   4679 |   4589 |     90 |    285 |   3573 |   5 |  935.8 |
        Temple |    211 |    201 |     10 |      0 |    156 |   1 |  211.0 |
               +--------+--------+--------+--------+--------+-----+--------+

Top non-repeatable levels by time:
     D:2: 1421 daAuts
     D:3: 1002 daAuts
     D:4: 966 daAuts
     D:1: 887 daAuts
     D:5: 400 daAuts
  Temple: 211 daAuts
